 Dungeon Crawl Stone Soup version 0.29.0-11-gd7f09526c8 (webtiles) character file.

Game seed: 11139774987576714189

77 sanka the Trooper (level 4, -6/40 HPs)
             Began as a Minotaur Fighter on Sept 4, 2022.
             Killed by divine providence
             ... invoked by an orc priest
              (11 damage)
             ... on level 3 of the Dungeon.
             The game lasted 00:02:05 (1909 turns).

sanka the Trooper (Minotaur Fighter)                Turns: 1909, Time: 00:02:06

Health: -6/40      AC:  7    Str: 21    XL:     4   Next: 14%
Magic:  3/3        EV:  9    Int:  5    God:
Gold:   88         SH:  4    Dex: 11    Spells: 3/3 levels left

rFire   . . .      SeeInvis .   a - +0 flail
rCold   . . .      Faith    .   c - +0 buckler
rNeg    . . .      Spirit   .   b - +0 scale mail
rPois   .          Reflect  .   (helmet restricted)
rElec   .          Harm     .   (no cloak)
rCorr   .          Rampage  .   (no gloves)
Will    .....                   (no boots)
Stlth   ..........              m - amulet of the acrobat
HPRegen 0.13/turn               (no ring)
MPRegen 0.08/turn               (no ring)

@: no status effects
A: horns 2, retaliatory headbutt
a: no special abilities


You were on level 3 of the Dungeon.
You visited 1 branch of the dungeon, and saw 3 of its levels.

You collected 88 gold pieces.


Innate Abilities, Weirdness & Mutations

You have a pair of horns on your head.
You reflexively headbutt those who attack you in melee.


   Skills:
 + Level 4.2 Fighting
 * Level 4.0 Maces & Flails
 + Level 4.2 Armour
 - Level 4.0 Shields


You had 3 spell levels left.
You didn't know any spells.
Your spell library contained the following spells:

 Spells                   Type           Power      Damage    Failure   Level
 Ensorcelled Hibernation  Hex/Ice        0%         N/A       95%         2
 Passwall                 Tmut/Erth      0%         N/A       95%         2
 Call Canine Familiar     Summ           0%         N/A       99%         3
 Ozocubu's Armour         Ice            0%         N/A       99%         3
 Portal Projectile        Hex/Tloc       0%         N/A       99%         3
 Swiftness                Air            0%         N/A       99%         3
 Airstrike                Air            0%         2d(0-16)  100%        4
 Leda's Liquefaction      Hex/Erth       0%         N/A       100%        4
 Summon Lightning Spire   Summ/Air       0%         N/A       100%        4
 Lightning Bolt           Conj/Air       0%         1d11      100%        5
 Metabolic Englaciation   Hex/Ice        0%         N/A       100%        5
 Simulacrum               Ice/Necr       0%         N/A       100%        6

Inventory:

Hand Weapons
 a - a +0 flail (weapon)
Armour
 b - a +0 scale mail (worn)
 c - a +0 buckler (worn)
Jewellery
 m - an amulet of the acrobat (around neck)
Scrolls
 e - 2 scrolls of enchant weapon {unknown}
 f - a scroll of teleportation {unknown}
 g - a scroll of identify {unknown}
 h - a scroll of amnesia {unknown}
 i - a scroll of noise {unknown}
 k - a scroll of acquirement {unknown}
 n - a scroll of vulnerability {unknown}
 o - a scroll of immolation {unknown}
 p - a scroll of brand weapon {unknown}
 t - 2 scrolls of butterflies {unknown}
Potions
 d - a potion of might
 j - 2 potions of haste {unknown}
 l - a potion of degeneration {unknown}
 q - a potion of cancellation {unknown}
 r - a potion of brilliance {unknown}
 s - a potion of heal wounds {unknown}
 u - a potion of attraction {unknown}

Dungeon Overview and Level Annotations

Branches:
Dungeon (3/15)

Altars:

Shops:
D:1

( ▒.▒
▒.<......▒.▒▒▒▒▒.▒
▒.▒
.▒▒▒.▒▒.▒▒▒▒▒.▒.▒.▒
▒.▒ ▒.▒ ....▒...▒
▒.▒.▒.▒ ▒.▒ ▒.▒
▒▒▒▒.▒▒.▒ ▒.▒.▒.▒▒
▒.▒ ▒.▒ ▒▒▒▒.▒ >▒
.▒▒.▒..▒ ▒.▒ ▒.▒
..▒▒.▒▒▒ .. ▒ ▒.▒▒.▒
▒.▒ ▒.▒▒▒▒ ▒......▒
.▒ ▒.▒▒.▒ ▒.▒ ▒.....
▒(.▒▒▒.▒▒▒.▒▒▒▒.▒▒.▒
▒.▒▒▒▒▒▒▒▒▒
▒.........[....oH..▒
▒......▒ ▒
▒.▒▒▒▒▒.▒.▒▒▒▒▒o▒▒▒▒
▒▒▒▒▒▒.▒ ▒ ▒.▒ .▒ ▒
▒o ▒▒▒.▒▒▒▒ ).▒ . ▒.
▒≈≈≈)..▒ ▒.▒ ▒▒ ▒.
▒▒.~≈≈≈~ ▒.▒ ▒.
▒..~..≈ ▒.. ▒.
▒.....▒ ▒▒▒▒ ▒.
▒.....▒ ▒▒▒.▒▒▒


You could see 2 orc priests and an orc.


Message History

Unknown command.
You hit the orc priest. You headbutt the orc priest.
The orc priest is heavily wounded.
The orc priest hits you but does no damage.
The orc hits you but does no damage.
Unknown command.
You sock the orc!
You kill the orc!
The orc priest misses you. You furiously retaliate!
You headbutt the orc priest.
Unknown command.
You barely miss the orc priest.
The orc priest is severely wounded.
You closely miss the orc priest.
The orc priest is severely wounded.
The orc priest barely misses you. The orc hits you with a +0 flail.
* * * LOW HITPOINT WARNING * * *
Unknown command.
You hit the orc priest.
The orc priest is almost dead.
The orc priest hits you with a +0 short sword.
* * * LOW HITPOINT WARNING * * *
The orc hits you with a +0 flail.
* * * LOW HITPOINT WARNING * * *
The orc priest mumbles some strange prayers to Beogh against you.
Beogh smites you!
You die...

Action                   |  1- 3 |  4- 6 || total
-------------------------+-------+-------++-------
Melee: Flail             |    78 |    18 ||    96
       Headbutt          |    11 |     3 ||    14
Armor: Scale mail        |    33 |    10 ||    43
Dodge: Dodged            |    36 |    10 ||    46
Block: Buckler           |    17 |     3 ||    20

Levels and vault maps discovered:
D:1:      evilmike_arrival_crescent, layout_basic,
          hellmonk_ecumenical_altar_crossroads, serial_shops, shop,
          hangedman_decor_peaks_small, nicolae_hexahallways
D:2:      layout_loops_ring
D:3:      layout_loops_ring, chequers_serial_rivers_small_a,
          supply_closet_lemuel

Notes
Turn   | Place    | Note
-------+----------+-------------------------------------------
     0 | D:1      | sanka the Minotaur Fighter began the quest for the Orb.
     0 | D:1      | Reached XP level 1. HP: 19/19 MP: 0/0
   195 | D:1      | Reached XP level 2. HP: 26/27 MP: 1/1
   241 | D:1      | Reached skill level 3 in Maces & Flails
   250 | D:1      | Found Leni's Weapon Shop.
   257 | D:1      | Found a faded altar of an unknown god.
   887 | D:2      | Reached skill level 4 in Shields
   887 | D:2      | Reached XP level 3. HP: 28/33 MP: 2/2
   904 | D:2      | Reached skill level 4 in Fighting
   904 | D:2      | Reached skill level 4 in Armour
  1216 | D:2      | Identified the +0 robe of Uskayaw's Vengeance {Int+6}
  1745 | D:3      | Reached XP level 4. HP: 40/40 MP: 3/3
  1796 | D:3      | Reached skill level 4 in Maces & Flails
  1909 | D:3      | Killed from afar by an orc priest

Vanquished Creatures
  2 adders
  A worm (D:2)
  4 dart slugs
  3 orcs (D:3)
  3 bats (D:1)
  3 endoplasms
  3 giant cockroaches
  5 goblins
  4 hobgoblins
  2 quokkas
  4 ball pythons
  A frilled lizard (D:1)
  3 kobolds
  4 rats
42 creatures vanquished.
